| TOP OF THE 1ST |
|
Reading Fightin Phils batting - Pitching for Mobile BayBears : RHP Ming-feng Pi
|
|
Pitching: RHP Ming-feng Pi
|
|
|
Batting: RHB Steve Jones
|
0-0: Called Strike 0-1: Swinging Strike 0-2: Ball 1-2: Strikes out looking
|
|
Batting: RHB Chris Myers
|
0-0: Ball 1-0: Ball 2-0: Called Strike 2-1: Ground out 5-3 (Groundball, 56S, EV 88.8 MPH)
|
|
Batting: RHB Alan Weller
|
0-0: Called Strike 0-1: Called Strike 0-2: Ball 1-2: Strikes out swinging
|
| Top of the 1st over - 0 runs, 0 hits, 0 errors, 0 left on base; Reading 0 - Mobile 0 |
| BOTTOM OF THE 1ST |
|
Mobile BayBears batting - Pitching for Reading Fightin Phils : RHP Chris Perteet
|
|
Pitching: RHP Chris Perteet
|
|
|
Batting: RHB Scott Carr
|
0-0: Called Strike 0-1: Ball 1-1: Foul Ball, location: 2F 1-2: Ball 2-2: Ball 3-2: Base on Balls
|
|
Batting: LHB T.J. Duvall
|
0-0: Called Strike 0-1: Ball 1-1: Swinging Strike 1-2: Strikes out looking
|
|
Batting: RHB Chris Bittner
|
0-0: Called Strike 0-1: Swinging Strike 0-2: Ball 1-2: Ball 2-2: Strikes out swinging
|
|
Batting: LHB Willie Gutierrez
|
0-0: Called Strike 0-1: Called Strike 0-2: Ball 1-2: Foul Ball, location: 2F 1-2: Foul Ball, location: 2F 1-2: Ball Scott Carr steals 2nd base 2-2: SINGLE (Groundball, 4S, EV 64.4 MPH) (infield hit) Scott Carr to third
|
|
Batting: RHB Marlon Reda
|
0-0: Ball 1-0: Ball 2-0: Ball 3-0: Foul Ball, location: 2F 3-1: SINGLE (Groundball, 6MD, EV 101.2 MPH) Scott Carr scores Willie Gutierrez to second Runner from 2nd tries for 3rd, SAFE, no throw by CF
|
|
Batting: RHB Franklin Villanueva
|
0-0: Fly out, F6 (Popup, 6, EV 51.2 MPH)
|
| Bottom of the 1st over - 1 run, 2 hits, 0 errors, 2 left on base; Reading 0 - Mobile 1 |
| TOP OF THE 2ND |
|
Reading Fightin Phils batting - Pitching for Mobile BayBears : RHP Ming-feng Pi
|
|
Batting: LHB Josh George
|
0-0: Ground out 2-3 (Groundball, 13S, EV 62.5 MPH)
|
|
Batting: LHB Danny Zuniga
|
0-0: Ball 1-0: Ground out U3 (Groundball, 34S, EV 90.0 MPH)
|
|
Batting: RHB Matt McDevitt
|
0-0: Ground out U3 (Groundball, 34, EV 79.4 MPH)
|
| Top of the 2nd over - 0 runs, 0 hits, 0 errors, 0 left on base; Reading 0 - Mobile 1 |
| BOTTOM OF THE 2ND |
|
Mobile BayBears batting - Pitching for Reading Fightin Phils : RHP Chris Perteet
|
|
Batting: RHB Andy Schuett
|
0-0: Called Strike 0-1: Swinging Strike 0-2: Ball 1-2: Ball 2-2: Ground out 6-3 (Groundball, 6, EV 91.9 MPH)
|
|
Batting: RHB Yasuo Nakata
|
0-0: Swinging Strike 0-1: Ball 1-1: Swinging Strike 1-2: Ball 2-2: Strikes out swinging
|
|
Batting: RHB Curt Barrett
|
0-0: Ball 1-0: Called Strike 1-1: Ball 2-1: Foul Ball, location: 2F 2-2: Strikes out swinging
|
| Bottom of the 2nd over - 0 runs, 0 hits, 0 errors, 0 left on base; Reading 0 - Mobile 1 |
| TOP OF THE 3RD |
|
Reading Fightin Phils batting - Pitching for Mobile BayBears : RHP Ming-feng Pi
|
|
Batting: LHB Rich Kuehne
|
0-0: Called Strike 0-1: Foul Ball, location: 2F 0-2: Ball 1-2: Ball 2-2: Foul Ball, location: 2F 2-2: Strikes out swinging
|
|
Batting: LHB Tsuneharu Nishimura
|
0-0: Ground out 5-3 (Groundball, 56, EV 100.6 MPH)
|
|
Batting: RHB Allen Deschamps
|
0-0: Ground out 4-3 (Groundball, 4M, EV 85.0 MPH)
|
| Top of the 3rd over - 0 runs, 0 hits, 0 errors, 0 left on base; Reading 0 - Mobile 1 |
| BOTTOM OF THE 3RD |
|
Mobile BayBears batting - Pitching for Reading Fightin Phils : RHP Chris Perteet
|
|
Batting: RHB Scott Carr
|
0-0: Ball 1-0: Foul Ball, location: 2F 1-1: Swinging Strike 1-2: Strikes out looking
|
|
Batting: LHB T.J. Duvall
|
0-0: Swinging Strike 0-1: Ball 1-1: Ball 2-1: SOLO HOME RUN (Flyball, 9LD, EV 94.4 MPH), Distance : 342 ft
|
|
Batting: RHB Chris Bittner
|
0-0: Fly out, F6 (Popup, P, EV 70.6 MPH)
|
|
Batting: LHB Willie Gutierrez
|
0-0: Ball 1-0: Ball 2-0: SOLO HOME RUN (Flyball, 9LD, EV 91.9 MPH), Distance : 331 ft
|
|
Batting: RHB Marlon Reda
|
0-0: Called Strike 0-1: Ball 1-1: Foul Ball, location: 2F 1-2: Ball 2-2: Ball 3-2: Base on Balls
|
|
Batting: RHB Franklin Villanueva
|
0-0: Ball 1-0: Fielders Choice at 2nd, 5-4 (Groundball, 56, EV 81.2 MPH)
|
| Bottom of the 3rd over - 2 runs, 2 hits, 0 errors, 1 left on base; Reading 0 - Mobile 3 |
| TOP OF THE 4TH |
|
Reading Fightin Phils batting - Pitching for Mobile BayBears : RHP Ming-feng Pi
|
|
Batting: RHB Steve Jones
|
0-0: Ball 1-0: Ball 2-0: Ball 3-0: Ground out 4-3 (Groundball, 4D, EV 85.0 MPH)
|
|
Batting: RHB Chris Myers
|
0-0: Foul Ball, location: 2F 0-1: Ball 1-1: Ball 2-1: Ground out 1-3 (Groundball, 15, EV 65.6 MPH)
|
|
Batting: RHB Alan Weller
|
0-0: Called Strike 0-1: Ball 1-1: Ball 2-1: Ball 3-1: SINGLE (Groundball, 6MD, EV 99.4 MPH)
|
|
Batting: LHB Josh George
|
Pickoff Throw to First - Out! 1-3
|
| Top of the 4th over - 0 runs, 1 hit, 0 errors, 0 left on base; Reading 0 - Mobile 3 |
| BOTTOM OF THE 4TH |
|
Mobile BayBears batting - Pitching for Reading Fightin Phils : RHP Chris Perteet
|
|
Batting: RHB Andy Schuett
|
0-0: Ground out 6-3 (Groundball, 6, EV 105.0 MPH)
|
|
Batting: RHB Yasuo Nakata
|
0-0: Ground out 6-3 (Groundball, 6M, EV 83.1 MPH)
|
|
Batting: RHB Curt Barrett
|
0-0: Ground out 6-3 (Groundball, 6, EV 89.4 MPH)
|
| Bottom of the 4th over - 0 runs, 0 hits, 0 errors, 0 left on base; Reading 0 - Mobile 3 |
| TOP OF THE 5TH |
|
Reading Fightin Phils batting - Pitching for Mobile BayBears : RHP Ming-feng Pi
|
|
Batting: LHB Josh George
|
0-0: Ball 1-0: Ball 2-0: Foul Ball, location: 2F 2-1: Called Strike 2-2: Strikes out swinging
|
|
Batting: LHB Danny Zuniga
|
0-0: Ball 1-0: Called Strike 1-1: Swinging Strike 1-2: Ball 2-2: Ball 3-2: Foul Ball, location: 2F 3-2: Base on Balls
|
|
Batting: RHB Matt McDevitt
|
0-0: Ball 1-0: Called Strike 1-1: Ball 2-1: Ball 3-1: Foul Ball, location: 2F 3-2: Foul Ball, location: 2F 3-2: Base on Balls Danny Zuniga to second
|
|
Batting: LHB Rich Kuehne
|
0-0: Grounds into double play, 4-6-3 (Groundball, 4, EV 80.6 MPH)
|
| Top of the 5th over - 0 runs, 0 hits, 0 errors, 1 left on base; Reading 0 - Mobile 3 |
| BOTTOM OF THE 5TH |
|
Mobile BayBears batting - Pitching for Reading Fightin Phils : RHP Chris Perteet
|
|
Batting: RHB Scott Carr
|
0-0: Called Strike 0-1: Ball 1-1: Ball 2-1: Fly out, F4 (Popup, 34, EV 69.4 MPH)
|
|
Batting: LHB T.J. Duvall
|
0-0: Ball 1-0: Swinging Strike 1-1: Ball 2-1: Ball 3-1: Base on Balls
|
|
Batting: RHB Chris Bittner
|
0-0: Ball 1-0: Ball T.J. Duvall is caught stealing 2nd base 2-4 2-0: SOLO HOME RUN (Flyball, 78XD, EV 100.0 MPH), Distance : 413 ft
|
|
Batting: LHB Willie Gutierrez
|
0-0: Ball 1-0: Called Strike 1-1: Ground out 6-3 (Groundball, 6S, EV 87.5 MPH)
|
| Bottom of the 5th over - 1 run, 1 hit, 0 errors, 0 left on base; Reading 0 - Mobile 4 |
| TOP OF THE 6TH |
|
Reading Fightin Phils batting - Pitching for Mobile BayBears : RHP Ming-feng Pi
|
|
Batting: LHB Tsuneharu Nishimura
|
0-0: Foul Ball, location: 2F 0-1: Foul Ball, location: 2F 0-2: Ball 1-2: Ground out U3 (Groundball, 3, EV 97.5 MPH)
|
|
Batting: RHB Allen Deschamps
|
0-0: Ball 1-0: Foul Ball, location: 2F 1-1: Swinging Strike 1-2: Ball 2-2: Ball 3-2: Foul Ball, location: 2F 3-2: Strikes out looking
|
|
Batting: RHB Steve Jones
|
0-0: SINGLE (Groundball, 5S, EV 70.0 MPH) (infield hit)
|
|
Batting: RHB Chris Myers
|
0-0: Ball Steve Jones steals 2nd, throwing error, E2 Steve Jones to third 1-0: SINGLE (Groundball, 56S, EV 67.5 MPH) (infield hit) Steve Jones scores
|
|
Batting: RHB Alan Weller
|
0-0: Ball 1-0: DOUBLE (Line Drive, 7LS, EV 95.0 MPH) Chris Myers to third Runner from 3rd tries for Home, SAFE, throw by LF to trailing runner, OUT at third! 7-3-5
|
| Top of the 6th over - 2 runs, 3 hits, 1 error, 0 left on base; Reading 2 - Mobile 4 |
| BOTTOM OF THE 6TH |
|
Mobile BayBears batting - Pitching for Reading Fightin Phils : RHP Chris Perteet
|
|
Batting: RHB Marlon Reda
|
0-0: Ball 1-0: Called Strike 1-1: Swinging Strike 1-2: Ground out 1-3 (Groundball, 15S, EV 66.9 MPH)
|
|
Pitching: RHP Marcos Tapia
|
|
|
Batting: RHB Franklin Villanueva
|
0-0: Ball 1-0: Ball 2-0: Called Strike 2-1: Ground out 6-3 (Groundball, 6MD, EV 106.9 MPH)
|
|
Batting: RHB Andy Schuett
|
0-0: Ball 1-0: Ball 2-0: Swinging Strike 2-1: Ball 3-1: Called Strike 3-2: Base on Balls
|
|
Batting: RHB Yasuo Nakata
|
0-0: Foul Ball, location: 2F 0-1: Foul Ball, location: 2F 0-2: Ball Andy Schuett steals 2nd base 1-2: Ball 2-2: Foul Ball, location: 2F 2-2: Foul Ball, location: 2F 2-2: Ball 3-2: Foul Ball, location: 2F 3-2: Foul Ball, location: 2F 3-2: Foul Ball, location: 2F 3-2: Strikes out looking
|
| Bottom of the 6th over - 0 runs, 0 hits, 0 errors, 1 left on base; Reading 2 - Mobile 4 |
| TOP OF THE 7TH |
|
Reading Fightin Phils batting - Pitching for Mobile BayBears : RHP Ming-feng Pi
|
|
Batting: LHB Josh George
|
0-0: Fly out, F7 (Flyball, 7, EV 72.5 MPH)
|
|
Batting: LHB Danny Zuniga
|
0-0: Ball 1-0: Ball 2-0: Ball 3-0: Called Strike 3-1: Base on Balls
|
|
Batting: RHB Matt McDevitt
|
0-0: Called Strike 0-1: Ball 1-1: SINGLE (Flyball, 8LS, EV 98.1 MPH) Danny Zuniga to second
|
|
Batting: LHB Rich Kuehne
|
0-0: Fielders Choice at 2nd, 6-4 (Groundball, 6M, EV 97.5 MPH) Danny Zuniga to third
|
|
Batting: LHB Tsuneharu Nishimura
|
0-0: Ball 1-0: Swinging Strike 1-1: Foul Ball, location: 2F 1-2: Ball 2-2: SINGLE (Groundball, 56S, EV 96.9 MPH) Danny Zuniga scores Rich Kuehne to second
|
|
Pinch Hitting: RHB Zach Downs
|
0-0: Ball 1-0: Ball 2-0: Called Strike 2-1: Fly out, F7 (Flyball, 78S, EV 89.4 MPH)
|
| Top of the 7th over - 1 run, 2 hits, 0 errors, 2 left on base; Reading 3 - Mobile 4 |
| BOTTOM OF THE 7TH |
|
Mobile BayBears batting - Pitching for Reading Fightin Phils : RHP Marcos Tapia
|
|
Now at 3B: Steve Jones
|
|
|
Now at SS: Cory Bonham
|
|
|
Batting: RHB Curt Barrett
|
0-0: Ball 1-0: Ball 2-0: Ball 3-0: Called Strike 3-1: Called Strike 3-2: Base on Balls
|
|
Batting: RHB Scott Carr
|
0-0: Called Strike 0-1: Foul Ball, location: 2F 0-2: Foul Ball, location: 2F 0-2: Fly out, F9 (Flyball, 89M, EV 96.9 MPH)
|
|
Pitching: LHP Scott Hopkins
|
|
|
Batting: LHB T.J. Duvall
|
0-0: Foul Ball, location: 2F 0-1: Called Strike 0-2: Ball 1-2: SINGLE (Groundball, 3S, EV 68.1 MPH) (infield hit) Curt Barrett to second
|
|
Batting: RHB Chris Bittner
|
0-0: Ball 1-0: Called Strike 1-1: Ball 2-1: Swinging Strike 2-2: Grounds into double play, 6-4-3 (Groundball, 6, EV 80.0 MPH)
|
| Bottom of the 7th over - 0 runs, 1 hit, 0 errors, 1 left on base; Reading 3 - Mobile 4 |
| TOP OF THE 8TH |
|
Reading Fightin Phils batting - Pitching for Mobile BayBears : RHP Ming-feng Pi
|
|
Pitching: RHP Rich Garces
|
|
|
Batting: RHB Steve Jones
|
0-0: Foul Ball, location: 2F 0-1: Ball 1-1: Fly out, F9 (Line Drive, 9, EV 93.8 MPH)
|
|
Batting: RHB Chris Myers
|
0-0: Ball 1-0: Called Strike 1-1: Foul Ball, location: 2F 1-2: Strikes out swinging
|
|
Batting: RHB Alan Weller
|
0-0: Ball 1-0: Fly out, F9 (Line Drive, 89M, EV 90.0 MPH)
|
| Top of the 8th over - 0 runs, 0 hits, 0 errors, 0 left on base; Reading 3 - Mobile 4 |
| BOTTOM OF THE 8TH |
|
Mobile BayBears batting - Pitching for Reading Fightin Phils : LHP Scott Hopkins
|
|
Batting: LHB Willie Gutierrez
|
0-0: Fly out, F7 (Line Drive, 78M, EV 93.8 MPH)
|
|
Batting: RHB Marlon Reda
|
0-0: DOUBLE (Flyball, 9LD, EV 93.8 MPH)
|
|
Batting: RHB Franklin Villanueva
|
0-0: Foul Ball, location: 2F 0-1: Swinging Strike 0-2: Strikes out swinging
|
|
Batting: RHB Andy Schuett
|
0-0: Foul Ball, location: 2F 0-1: Called Strike 0-2: Strikes out looking
|
| Bottom of the 8th over - 0 runs, 1 hit, 0 errors, 1 left on base; Reading 3 - Mobile 4 |
| TOP OF THE 9TH |
|
Reading Fightin Phils batting - Pitching for Mobile BayBears : RHP Rich Garces
|
|
Pitching: LHP Yorihiko Honda
|
|
|
Batting: LHB Josh George
|
0-0: Swinging Strike 0-1: Ball 1-1: Ball 2-1: Called Strike 2-2: Ball 3-2: Ground out 2-3 (Groundball, 15S, EV 68.8 MPH)
|
|
Pinch Hitting: RHB Seung-mun Kim
|
0-0: Called Strike 0-1: SINGLE (Groundball, 56S, EV 69.4 MPH) (infield hit)
|
|
Batting: RHB Matt McDevitt
|
0-0: Ball 1-0: Ball 2-0: SINGLE (Groundball, 34D, EV 101.9 MPH) Seung-mun Kim to second Runner from 2nd tries for 3rd, SAFE, throw by RF made to third
|
|
Batting: LHB Rich Kuehne
|
0-0: Ball 1-0: Ball 2-0: Foul Ball, location: 2F 2-1: Swinging Strike 2-2: Foul Ball, location: 2F 2-2: Fly out, F9 (Flyball, 9S, EV 91.9 MPH)
|
|
Batting: LHB Tsuneharu Nishimura
|
0-0: Ball 1-0: Foul Ball, location: 2F 1-1: Swinging Strike 1-2: Strikes out looking
|
| Top of the 9th over - 0 runs, 2 hits, 0 errors, 2 left on base; Reading 3 - Mobile 4 |
|